 Dungeon Crawl Stone Soup version 0.26.1-11-gd32895ea62 (webtiles) character file.

Game seed: 8820593497535952167

63 MajorAdolf the Cudgeller (level 4, -4/58 HPs)
             Began as a Naga Wanderer on July 21, 2021.
             Shot with an arrow by a centaur (8 damage)
             ... on level 2 of the Dungeon.
             The game lasted 00:02:15 (2435 turns).

MajorAdolf the Cudgeller (Naga Wanderer)            Turns: 2435, Time: 00:02:16

Health: -4/58      AC: 22    Str: 16    XL:     4   Next: 9%
Magic:  4/4        EV:  1    Int: 12    God:
Gold:   23         SH:  0    Dex: 10    Spells: 3/3 levels left

rFire    . . .     SeeInvis +   a - +2 mace
rCold    . . .     Faith    .   (no shield)
rNeg     + + +     Spirit   .   (armour currently unavailable)
rPois    +         Reflect  .   (helmet currently unavailable)
rElec    .         Harm     .   (cloak currently unavailable)
rCorr    .         Rampage  .   (gloves currently unavailable)
Will     .....     NoTele   +   (no barding)
Stlth    ++........             (no amulet)
HPRegen  0.19/turn              (no ring)
MPRegen  0.09/turn              (no ring)

@: tree-form
A: large, see invisible, spit poison 1, AC +1
a: Spit Poison


You were on level 2 of the Dungeon.
You were a tree.
You visited 1 branch of the dungeon, and saw 2 of its levels.

You collected 23 gold pieces.

Inventory:

Hand Weapons
 a - a +2 mace (weapon)
 s - a +1 hand axe of electrocution
Armour
 d - a +0 robe
 i - a +0 chain mail (melded)
Jewellery
 h - an uncursed amulet of guardian spirit {unknown}
 o - an uncursed ring of magical power {unknown}
Wands
 c - a wand of random effects (15) (quivered)
Scrolls
 e - 3 scrolls of enchant armour {unknown}
 f - a scroll of remove curse {unknown}
 g - 4 scrolls of identify {unknown}
 q - a scroll of enchant weapon {unknown}
Potions
 j - a potion of might {unknown}
 k - a potion of degeneration {unknown}
 l - a potion of ambrosia {unknown}
 m - a potion of curing {unknown}
 n - a potion of invisibility {unknown}
 p - a potion of heal wounds {unknown}
 r - a potion of mutation {unknown}


   Skills:
 - Level 2.0 Fighting
 + Level 4.2 Maces & Flails
 - Level 1.0 Armour
 - Level 1.5 Stealth
 - Level 2.0 Unarmed Combat
 - Level 2.0 Evocations


You had 3 spell levels left.
You didn't know any spells.
Your spell library was empty.

Dungeon Overview and Level Annotations

Branches:
Dungeon (2/15)

Altars:
Wu Jian


Innate Abilities, Weirdness & Mutations

You cannot wear boots.
((Your serpentine skin is tough. (AC +1)))
You have supernaturally acute eyesight. (SInv)
((Armour fits poorly on your strangely shaped body.))
((Your system is resistant to poisons. (rPois)))
((You cover ground very slowly.))
You can spit poison.


Message History

Aim: a worm (almost dead)
The splash of poison hits the worm but does no damage.
The worm is poisoned.
The worm is almost dead.
The worm bites you.
* * * LOW HITPOINT WARNING * * *
You hit the worm.
You kill the worm!
The centaur shoots an arrow.
The arrow hits you but does no damage.
Really quaff the potion of lignification?
You turn into a tree.
Your +0 chain mail melds into your body.
Your roots penetrate the ground.
The centaur shoots an arrow.
The arrow hits you but does no damage.
Unknown command.
The centaur shoots an arrow.
The arrow hits you but does no damage.
You have got your breath back.
The centaur shoots an arrow.
The arrow hits you but does no damage.
The centaur shoots an arrow.
The arrow hits you!
You die...

#......# #.. #.###### ###
########.# #.....
#......#.# ##.....
#......#.# .......
#......#.# .......
#......#.# .......
+......#.######## .......
#....♣..........#
.......########(.........#
..........cw.((c.........#
###
...........######'####...#
#.. ..........(+......##
#...## #..
#######....######..###....#
#.. #....# #.........# #..
#.#### #.###.###.###.. #.#
#.# #.# #..##..


You could see a centaur.

Vanquished Creatures
  An adder (D:2)
  An ooze (D:1)
  3 worms (D:2)
  A dart slug (D:2)
  3 ball pythons (D:1)
  A giant cockroach (D:1)
  6 goblins (D:1)
  4 hobgoblins
  4 jackals (D:1)
  6 bats
  A frilled lizard (D:1)
  4 kobolds
  3 rats (D:1)
38 creatures vanquished.

Notes
Turn   | Place    | Note
-------+----------+-------------------------------------------
     0 | D:1      | MajorAdolf the Naga Wanderer began the quest for the Orb.
     0 | D:1      | MajorAdolf set off with the following items: a +2 mace, a
                  | potion of lignification, a wand of random effects (15), a
                  | +0 robe
     0 | D:1      | Reached XP level 1. HP: 19/19 MP: 1/1
   357 | D:1      | Reached XP level 2. HP: 19/26 MP: 2/2
   477 | D:1      | Reached skill level 3 in Maces & Flails
   917 | D:1      | Reached XP level 3. HP: 32/32 MP: 3/3
  1656 | D:2      | Found an ornate altar of the Wu Jian Council.
  1714 | D:2      | Reached skill level 4 in Maces & Flails
  1940 | D:2      | Reached XP level 4. HP: 28/39 MP: 4/4
  2414 | D:2      | Noticed a centaur
  2435 | D:2      | Shot with an arrow by a centaur

Illustrated notes

Levels and vault maps discovered:
D:1:      mrwooster_arrival_statue_3, layout_loops_ring
D:2:      layout_basic, lemuel_doored_altar, grunt_decor_cap

Skill      XL: |  1  2  3 |
---------------+----------+-----
Maces & Flails | 3 4 |  4.2
Fighting       | |  2.0
Armour         | |  1.0
Stealth        | |  1.5
Unarmed Combat | |  2.0
Evocations     | |  2.0

Action                   |  1- 3 |  4- 6 || total
-------------------------+-------+-------++-------
Melee: Mace              |   124 |     4 ||   128
 Abil: Spit Poison       |     5 |     1 ||     6
  Use: Potion            |       |     1 ||     1
 Stab: Sleeping          |     2 |       ||     2
Armor: Robe              |     3 |       ||     3
       Chain mail        |    91 |     4 ||    95
       Skin              |       |     3 ||     3
Dodge: Dodged            |    36 |     1 ||    37
